 Dungeon Crawl Stone Soup version 0.27-a0-577-ge2a43ba0c9 (webtiles) character file.

Game seed: 8816014311204853792

674 funkygono the Grasshopper (level 7, -1/56 HPs)
             Began as a Gnoll Warper on Mar 9, 2021.
             Killed by nerve-wracking pain
             ... invoked by a shadow imp
              (7 damage)
             ... on level 5 of the Dungeon.
             The game lasted 00:10:06 (5859 turns).

funkygono the Grasshopper (Gnoll Warper)            Turns: 5859, Time: 00:10:07

Health: -1/56      AC:  9    Str: 12    XL:     7   Next: 59%
Magic:  2/15       EV: 13    Int: 13    God:
Gold:   235        SH:  0    Dex: 11    Spells: 8/17 levels left

rFire    . . .     SeeInvis .   a - +0 mace
rCold    + . .     Faith    .   (no shield)
rNeg     + . .     Spirit   .   i - +2 robe {Archmagi}
rPois    .         Reflect  .   p - +1 helmet
rElec    .         Harm     .   f - +1 cloak
rCorr    .         Rampage  .   (no gloves)
Will     .....                  c - +0 pair of boots
Stlth    ++........             (no amulet)
HPRegen  0.18/turn              l - ring of positive energy
MPRegen  0.14/turn              j - ring of protection from cold

@: no status effects
A: fangs 1, strong nose, distributed training
a: no special abilities


You were on level 5 of the Dungeon.
You visited 1 branch of the dungeon, and saw 5 of its levels.

You collected 235 gold pieces.

Inventory:

Hand Weapons
 a - a +0 mace (weapon)
Missiles
 k - 92 stones (quivered)
Armour
 b - a +0 leather armour
 c - a +0 pair of boots (worn)
 e - a +0 buckler of positive energy
 f - a +1 cloak (worn)
 i - a +2 robe of the Archmagi (worn)
 p - a +1 helmet (worn)
Jewellery
 j - a ring of protection from cold (right hand)
 l - a ring of positive energy (left hand)
 q - a ring of wizardry
Scrolls
 d - a scroll of blinking
 o - 3 scrolls of teleportation
Potions
 g - a potion of haste
 h - 3 potions of attraction
 m - a potion of lignification


   Skills:
 + Level 5.3 Fighting
 + Level 2.6 Short Blades
 + Level 2.6 Long Blades
 + Level 2.6 Axes
 + Level 5.3 Maces & Flails
 + Level 2.6 Polearms
 + Level 2.6 Staves
 + Level 2.6 Slings
 + Level 2.6 Bows
 + Level 2.6 Crossbows
 + Level 3.7 Throwing
 + Level 3.7 Armour
 + Level 5.3 Dodging
 + Level 2.6 Stealth
 + Level 2.6 Shields
 + Level 2.6 Unarmed Combat
 + Level 5.6 Spellcasting
 + Level 2.1 Conjurations
 + Level 2.1 Hexes
 + Level 2.1 Summonings
 + Level 2.1 Necromancy
 + Level 5.9 Translocations
 + Level 2.1 Transmutations
 + Level 2.1 Fire Magic
 + Level 2.1 Ice Magic
 + Level 2.1 Air Magic
 + Level 2.1 Earth Magic
 + Level 2.1 Poison Magic
 + Level 2.9 Invocations
 + Level 2.6 Evocations


You had 8 spell levels left.
You knew the following spells:

 Your Spells              Type           Power      Damage    Failure   Level
a - Blink                 Tloc           N/A        N/A       2%          2
b - Gell's Gravitas       Tloc           14%        N/A       4%          3
c - Manifold Assault      Tloc           28%        N/A       16%         4

Your spell library contained the following spells:

 Spells                   Type           Power      Damage    Failure   Level
 Lesser Beckoning         Tloc           14%        N/A       4%          3
 Teleport Other           Tloc           28%        N/A       4%          3
 Confusing Touch          Hex            13%        N/A       22%         3
 Petrify                  Tmut/Erth      13%        N/A       58%         4
 Metabolic Englaciation   Hex/Ice        6%         N/A       90%         5
 Yara's Violent Unravell  Hex/Tmut       6%         3d5       90%         5


Dungeon Overview and Level Annotations

Branches:
Dungeon (5/15)
 Temple: D:4-7

Altars:
Fedhas
Zin


Innate Abilities, Weirdness & Mutations

You have very sharp teeth.
Your uncanny sense of smell can sniff out nearby items.
Your experience applies equally to all skills.


Message History

The centaur misses you.
The orc priest hits you but does no damage.
You hit the orc priest.
The orc priest is severely wounded.
The centaur hits you.
The orc priest hits you but does no damage.
The centaur hits you but does no damage.
Your magical contamination has completely faded away.
You completely miss the orc priest.
The orc priest is severely wounded.
The centaur barely misses you.
The orc priest hits you but does no damage.
You hit the orc priest. You bite the orc priest.
The orc priest is almost dead.
The centaur hits you but does no damage.
The orc priest closely misses you.
The centaur hits you but does no damage.
You hit the orc priest.
You kill the orc priest!
The centaur hits you.
* * * LOW HITPOINT WARNING * * *
The shadow imp gestures at you. Pain shoots through your body!
* * * LOW HITPOINT WARNING * * *
The centaur barely misses you.
You barely miss the centaur.
The centaur is heavily wounded.
The centaur hits you but does no damage.
You hit the centaur.
The centaur is heavily wounded.
The centaur completely misses you. The shadow imp closely misses you.
The centaur completely misses you.
The shadow imp hits you but does no damage.
You closely miss the centaur. You bite the centaur, but do no damage.
The centaur is heavily wounded.
The centaur misses you. The centaur hits you.
* * * LOW HITPOINT WARNING * * *
The shadow imp gestures at you. Pain shoots through your body!
You die...

###################
..................####
################@....#
#5c...# $.....#
.......# ......^.#
.........# ..........#
#....[.....#


You could see a centaur and a shadow imp.

Vanquished Creatures
  A centaur (D:4)
  2 scorpions
  A howler monkey (D:4)
  A jelly (D:5)
  2 orc priests
  Jessica (D:2)
  Natasha (thrice) (D:2)
  A bullfrog skeleton (D:4)
  An orc wizard (D:4)
  2 worker ants (D:4)
  A howler monkey skeleton (D:4)
  7 adders
  An ooze (D:2)
  5 worms
  A dart slug (D:3)
  3 leopard geckos
  7 orcs
  3 ball pythons
  9 bats
  3 giant cockroaches
  6 hobgoblins
  3 quokkas
  3 frilled lizards
  7 goblins
  7 kobolds
  8 rats
89 creatures vanquished.

Notes
Turn   | Place    | Note
-------+----------+-------------------------------------------
     0 | D:1      | funkygono the Gnoll Warper began the quest for the Orb.
     0 | D:1      | Reached XP level 1. HP: 20/20 MP: 6/6
   184 | D:1      | Reached XP level 2. HP: 26/26 MP: 7/7
   187 | D:1      | Learned a level 2 spell: Blink
   908 | D:2      | Noticed Jessica
   915 | D:2      | Killed Jessica
   916 | D:2      | Reached skill level 5 in Spellcasting
   916 | D:2      | Reached skill level 1 in Invocations
   916 | D:2      | Reached XP level 3. HP: 20/31 MP: 7/9
   936 | D:2      | Learned a level 3 spell: Gell's Gravitas
  1095 | D:2      | Reached skill level 1 in Short Blades
  1095 | D:2      | Reached skill level 1 in Long Blades
  1095 | D:2      | Reached skill level 1 in Axes
  1095 | D:2      | Reached skill level 1 in Polearms
  1095 | D:2      | Reached skill level 1 in Staves
  1095 | D:2      | Reached skill level 1 in Slings
  1095 | D:2      | Reached skill level 1 in Bows
  1095 | D:2      | Reached skill level 1 in Crossbows
  1095 | D:2      | Reached skill level 1 in Stealth
  1095 | D:2      | Reached skill level 1 in Shields
  1095 | D:2      | Reached skill level 1 in Unarmed Combat
  1095 | D:2      | Reached skill level 1 in Evocations
  1095 | D:2      | Reached XP level 4. HP: 14/38 MP: 6/11
  1332 | D:1      | Reached skill level 1 in Conjurations
  1332 | D:1      | Reached skill level 1 in Hexes
  1332 | D:1      | Reached skill level 1 in Summonings
  1332 | D:1      | Reached skill level 1 in Necromancy
  1332 | D:1      | Reached skill level 1 in Transmutations
  1332 | D:1      | Reached skill level 1 in Fire Magic
  1332 | D:1      | Reached skill level 1 in Ice Magic
  1332 | D:1      | Reached skill level 1 in Air Magic
  1332 | D:1      | Reached skill level 1 in Earth Magic
  1332 | D:1      | Reached skill level 1 in Poison Magic
  1552 | D:1      | Reached XP level 5. HP: 32/43 MP: 12/12
  1827 | D:2      | Learned a level 4 spell: Manifold Assault
  2342 | D:2      | Noticed Natasha
  2360 | D:2      | Killed Natasha
  2700 | D:2      | Noticed Natasha
  2714 | D:2      | Killed Natasha
  2715 | D:2      | Reached XP level 6. HP: 49/50 MP: 13/13
  2823 | D:2      | Noticed Natasha
  2837 | D:2      | Killed Natasha
  3584 | D:3      | Found a glowing silver altar of Zin.
  3948 | D:3      | Reached skill level 5 in Fighting
  3948 | D:3      | Reached skill level 5 in Maces & Flails
  3948 | D:3      | Reached skill level 5 in Dodging
  4375 | D:4      | Reached XP level 7. HP: 18/56 MP: 15/15
  4602 | D:4      | Found a blossoming altar of Fedhas.
  4637 | D:4      | HP: 2/56 [centaur/+0 club (5)]
  5685 | D:5      | Entered Level 5 of the Dungeon
  5859 | D:5      | Killed from afar by a shadow imp

Illustrated notes

Levels and vault maps discovered:
D:1:      matt_arrival_grand_opening, layout_loops_ring, minmay_misc_feat_rugged
D:2:      layout_rooms, kennysheep_jessica_study, uniq_natasha
D:3:      layout_loops_corners, general_overflow_altar
D:4:      layout_basic, fedhas_bush_and_centaur_altar
D:5:      layout_basic, minmay_temple_entry_trees, chequers_big_river,
          corexii_checkpoint_b

Skill      XL: |  1  2  3  4  5  6  7 |
---------------+----------------------+-----
Spellcasting   | 5 |  5.6
Invocations    | 1 2 |  2.9
Short Blades   | 1 2 |  2.6
Long Blades    | 1 2 |  2.6
Axes           | 1 2 |  2.6
Polearms       | 1 2 |  2.6
Staves         | 1 2 |  2.6
Slings         | 1 2 |  2.6
Bows           | 1 2 |  2.6
Crossbows      | 1 2 |  2.6
Stealth        | 1 2 |  2.6
Shields        | 1 2 |  2.6
Unarmed Combat | 1 2 |  2.6
Evocations     | 1 2 |  2.6
Conjurations   | 1 2 |  2.1
Hexes          | 1 2 |  2.1
Summonings     | 1 2 |  2.1
Necromancy     | 1 2 |  2.1
Transmutations | 1 2 |  2.1
Fire Magic     | 1 2 |  2.1
Ice Magic      | 1 2 |  2.1
Air Magic      | 1 2 |  2.1
Earth Magic    | 1 2 |  2.1
Poison Magic   | 1 2 |  2.1
Throwing       | 3 |  3.7
Armour         | 3 |  3.7
Fighting       | 5 |  5.3
Maces & Flails | 5 |  5.3
Dodging        | 5 |  5.3
Translocations | |  5.9

Action                   |  1- 3 |  4- 6 |  7- 9 || total
-------------------------+-------+-------+-------++-------
Melee: Mace              |    54 |   255 |    54 ||   363
       Bite              |     4 |    11 |     4 ||    19
       Punch             |       |     1 |       ||     1
Throw: Boomerang         |     5 |       |       ||     5
 Cast: Blink             |     2 |     2 |       ||     4
       Gell's Gravitas   |     1 |    10 |    10 ||    21
       Manifold Assault  |       |     4 |     3 ||     7
  Use: Scroll            |     2 |     2 |     2 ||     6
       Potion            |       |     2 |     2 ||     4
 Stab: Sleeping          |     1 |     2 |       ||     3
       Distracted        |       |     1 |       ||     1
Armor: Leather armour    |    21 |       |       ||    21
       Robe              |     4 |    85 |    21 ||   110
Dodge: Dodged            |    48 |   162 |    46 ||   256

Table legend: (Time is in decaauts)
 A = Elapsed time spent in this place.
 B = Non-inter-level travel time spent in this place.
 C = Inter-level travel time spent in this place.
 D = Time resting spent in this place.
 E = Time spent auto-exploring this place.
 F = Levels seen in this place.
 G = Mean time per level.
                   A        B        C        D        E       F      G
               +--------+--------+--------+--------+--------+-----+--------+
         Total |   5900 |   5720 |    180 |    297 |   4336 |   5 | 1180.0 |
       Dungeon |   5900 |   5720 |    180 |    297 |   4336 |   5 | 1180.0 |
               +--------+--------+--------+--------+--------+-----+--------+

Top non-repeatable levels by time:
     D:4: 1603 daAuts
     D:2: 1482 daAuts
     D:1: 1467 daAuts
     D:3: 1171 daAuts
     D:5: 175 daAuts
